 Dungeon Crawl Stone Soup version 0.23-a0-171-g5ae17c6 (webtiles) character file.

2256 KristoblXynda the Covert (level 9, -3/73 HPs)
             Began as a Naga Warper on Sept 15, 2018.
             Was an Elder of Cheibriados.
             Slain by a mummy (12 damage)
             ... in an ossuary.
             The game lasted 00:17:59 (7129 turns).

KristoblXynda the Covert (Naga Warper)              Turns: 7129, Time: 00:17:59

Health: -3/73      AC:  6    Str: 24    XL:     9   Next: 37%
Magic:  12/12      EV: 12    Int: 24    God:    Cheibriados [****..]
Gold:   332        SH:  0    Dex: 20    Spells: 10/12 levels left

rFire    . . .     SeeInvis +   D - +4 short sword (venom)
rCold    . . .     Gourm    +   (no shield)
rNeg     . . .     Faith    .   b - +0 leather armour
rPois    +         Spirit   .   s - +0 helmet
rElec    .         Reflect  .   l - +0 cloak
rCorr    .         Harm     .   (no gloves)
MR       +....                  (no barding)
Stlth    ++++......             y - amulet of the gourmand
HPRegen  0.22/turn              (no ring)
MPRegen  0.13/turn              (no ring)

@: very slow
A: large, see invisible, deformed body, poison resistance, slowness 2, slow
metabolism 1, spit poison 1, AC +3
a: Spit Poison, Bend Time, Temporal Distortion, Slouch, Renounce Religion


You were in an ossuary.
You worshipped Cheibriados.
Cheibriados was greatly pleased with you.
You were not hungry.

You visited 1 branch of the dungeon, and saw 6 of its levels.
You also visited: Ossuary.

You collected 332 gold pieces.

Inventory:

Hand Weapons
 h - a +1 dagger of draining
 r - a +0 long sword
 D - a +4 short sword of venom (weapon)
Missiles
 e - 3 tomahawks of dispersal (quivered)
Armour
 b - a +0 leather armour (worn)
 l - a +0 cloak (worn)
 s - a +0 helmet (worn)
Jewellery
 i - an uncursed amulet of the acrobat
 y - an amulet of the gourmand (around neck)
Wands
 c - a wand of paralysis (3)
 A - a wand of polymorph (10)
 B - a wand of flame (3)
Scrolls
 d - 3 scrolls of blinking
 g - a scroll of amnesia {unknown}
 k - 3 scrolls of remove curse
 m - a scroll of fog {unknown}
 q - 2 scrolls of immolation
 t - a scroll of fear {unknown}
 v - a scroll of enchant armour {unknown}
 z - a scroll of teleportation {unknown}
Potions
 j - 2 potions of curing
 n - a potion of haste
 p - a potion of invisibility
 w - a potion of lignification
Comestibles
 f - 4 rations


   Skills:
 - Level 2.0 Fighting
 + Level 6.4 Long Blades
 - Level 1.0 Throwing
 - Level 2.0 Armour
 + Level 3.9 Dodging
 + Level 9.4 Stealth
 - Level 2.0 Spellcasting
 - Level 3.0 Translocations
 - Level 5.0 Invocations
 + Level 4.7 Evocations


You had 10 spell levels left.
You knew the following spells:

 Your Spells              Type           Power        Failure   Level  Hunger
a - Blink                 Tloc           N/A          6%          2    ##.....

Your spell library contained the following spells:

 Spells                   Type           Power        Failure   Level  Hunger
 Shroud of Golubria       Chrm/Tloc      #.........   11%         2    ##.....
 Gell's Gravitas          Tloc           ###.......   12%         3    ###....
 Lesser Beckoning         Tloc           ###.......   12%         3    ###....
 Teleport Other           Tloc           ###.....     12%         3    ###....
 Confusing Touch          Hex            #.....       14%         1    #......
 Flame Tongue             Conj/Fire      #....        14%         1    #......
 Passage of Golubria      Tloc           N/A          36%         4    #####..
 Confuse                  Hex            #.......     38%         3    ###....
 Cause Fear               Hex            #.........   80%         4    #####..
 Petrify                  Tmut/Erth      #.......     80%         4    #####..
 Metabolic Englaciation   Hex/Ice        #.........   98%         5    ######.
 Yara's Violent Unravell  Hex/Tmut       #.........   98%         5    ######.
 Bolt of Fire             Conj/Fire      #.........   100%        6    #######
 Dragon Form              Tmut           #.........   100%        7    #######
 Dragon's Call            Summ           #.........   100%        9    #######


Dungeon Overview and Level Annotations

Branches:
Dungeon (6/15)
 Temple: D:4-7

Altars:
Cheibriados
Elyvilon
Fedhas
Kikubaaqudgha
Makhleb
Okawaru
Sif Muna


Innate Abilities, Weirdness & Mutations

You cannot wear boots.
Your serpentine skin is tough. (AC +3)
You have supernaturally acute eyesight. (SInv)
Armour fits poorly on your strangely shaped body.
Your system is resistant to poisons. (rPois)
You cover ground very slowly.
You have a slow metabolism.
You can spit poison.


Message History

The mummy misses you. The mummy hits you! x2
You hit the mummy.
You destroy the mummy!
Cheibriados appreciates the change of pace.
The mummy hits you but does no damage. The mummy closely misses you.
The mummy hits you. x2
You see here a glowing ruby potion.
You hit the mummy.
The mummy is moderately damaged.
You barely miss the mummy.
The mummy is moderately damaged.
The mummy hits you. The mummy closely misses you.
You hit the mummy.
The mummy is moderately damaged.
You hit the mummy.
The mummy is severely damaged.
The mummy hits you!
* * * LOW HITPOINT WARNING * * *
The mummy hits you!
You die...

#..#.#....#....#....#....#.'..#
#..#.#.........#.........#.#..#
#..'.####......#......####.#..#
#..###...................###..#
#..#.'...................#.'..#
#..#.#........!!?........#.#..#
#..'.#.......!?$!!.......'.#..#
#..########..!$∩$?..########..#
#..#.#.......?!$@M.......#.'..#
#..#.'........??M...'....'.#..#
#..'.#...................#.#..#
#..###...................###..#
#..#.####......#......####.'..#
#..#.#.........#.........#.#..#
#..'.'....#....#....#....#.#..#
#..###....#....#....#....###..#
#..#.#....#....#....#....#.'..#


You could see 2 mummies.

Vanquished Creatures
  A hornet (D:4)
  Grinder (D:3)
  An orc warrior (D:6)
  Duvessa (D:5)
  An ice beast (D:6)
  A sky beast (D:5)
  A phantom (D:4)
  2 ogres (D:4)
  An elf zombie (Ossuary)
  Dowan (D:5)
  A scorpion (D:5)
  A centaur zombie (Ossuary)
  2 hounds
  A jelly (D:5)
  4 orc wizards
  2 human zombies (Ossuary)
  2 orc priests
  Crazy Yiuf (D:3)
  2 bullfrog skeletons (D:4)
  An iguana (D:5)
  Natasha (thrice) (D:3)
  6 worker ants
  A killer bee zombie (D:4)
  4 ogre zombies (Ossuary)
  5 mummies (Ossuary)
  Robin (D:3)
  A howler monkey zombie (D:3)
  A worker ant zombie (D:5)
  10 adders
  An ooze (D:3)
  2 adder zombies (Ossuary)
  3 worms
  2 dart slugs (D:1)
  3 leopard geckos
  15 orcs
  2 ball pythons
  3 giant cockroaches
  14 goblins
  10 hobgoblins
  2 jackals (D:5)
  7 kobolds
  A quokka (D:2)
  9 bats
  2 frilled lizards
  A giant cockroach zombie (D:5)
  A gnoll zombie (Ossuary)
  4 goblin zombies (Ossuary)
  4 hobgoblin zombies (Ossuary)
  2 kobold zombies (Ossuary)
  3 quokka zombies (Ossuary)
  2 rats (D:1)
  6 rat zombies (Ossuary)
  A fungus (D:3)
160 creatures vanquished.

Vanquished Creatures (others)
  An orc wizard (D:4)
  An adder zombie (D:5)
  An adder skeleton (D:5)
  A ball python (D:5)
  A frilled lizard (D:5)
5 creatures vanquished.

Grand Total: 165 creatures vanquished

Notes
Turn   | Place    | Note
-------+----------+-------------------------------------------
     0 | D:1      | KristoblXynda the Naga Warper began the quest for the Orb.
     0 | D:1      | Reached XP level 1. HP: 19/19 MP: 3/3
   148 | D:1      | Reached skill level 1 in Throwing
   444 | D:1      | Reached skill level 1 in Armour
   451 | D:1      | Reached XP level 2. HP: 23/26 MP: 5/5
   484 | D:1      | Reached skill level 1 in Stealth
   915 | D:1      | Reached XP level 3. HP: 31/32 MP: 6/6
  1428 | D:2      | Found a deep blue altar of Sif Muna.
  1575 | D:2      | Reached skill level 2 in Stealth
  2099 | D:2      | Found a snail-covered altar of Cheibriados.
  2201 | D:2      | Became a worshipper of Cheibriados the Contemplative
  2365 | D:2      | Found an iron altar of Okawaru.
  2520 | D:3      | Noticed Natasha
  2531 | D:3      | Reached XP level 4. HP: 22/39 MP: 7/7
  2539 | D:3      | Killed Natasha
  2546 | D:3      | Noticed Natasha
  2692 | D:3      | Killed Natasha
  2692 | D:3      | Reached skill level 3 in Stealth
  2784 | D:3      | Reached XP level 5. HP: 37/45 MP: 8/8
  2820 | D:3      | Found a blossoming altar of Fedhas.
  2821 | D:3      | Found an ancient bone altar of Kikubaaqudgha.
  2844 | D:3      | Noticed Robin
  2873 | D:3      | Killed Robin
  2879 | D:3      | Reached * piety under Cheibriados
  3114 | D:3      | Noticed Natasha
  3134 | D:3      | Killed Natasha
  3675 | D:3      | Reached skill level 4 in Stealth
  3878 | D:3      | Noticed Grinder
  3891 | D:3      | Killed Grinder
  3891 | D:3      | Reached skill level 5 in Stealth
  3891 | D:3      | Reached XP level 6. HP: 39/52 MP: 9/9
  4019 | D:3      | Reached XP level 7. HP: 46/60 MP: 10/10
  4107 | D:3      | Found a runed door.
  4111 | D:3      | Noticed Crazy Yiuf
  4123 | D:3      | Killed Crazy Yiuf
  4134 | D:3      | Learned a level 2 spell: Blink
  4467 | D:4      | Found a burning altar of Makhleb.
  4515 | D:4      | Reached skill level 1 in Evocations
  4530 | D:4      | Reached ** piety under Cheibriados
  4530 | D:4      | Reached skill level 6 in Stealth
  4712 | D:4      | Noticed a hornet
  4731 | D:4      | Killed a hornet
  4731 | D:4      | Reached XP level 8. HP: 56/67 MP: 11/11
  4791 | D:4      | Reached skill level 5 in Long Blades
  4843 | D:4      | Reached skill level 7 in Stealth
  5503 | D:5      | Entered Level 5 of the Dungeon
  5659 | D:5      | Reached skill level 8 in Stealth
  5833 | D:5      | Reached skill level 5 in Invocations
  5898 | D:5      | Reached *** piety under Cheibriados
  5903 | D:5      | Found a white marble altar of Elyvilon.
  5930 | D:5      | Noticed Dowan
  5932 | D:5      | Noticed Duvessa
  5942 | D:5      | Killed Duvessa
  5958 | D:5      | Killed Dowan
  5958 | D:5      | Reached XP level 9. HP: 28/73 MP: 12/12
  6494 | D:6      | Reached skill level 9 in Stealth
  6508 | D:6      | Found a sand-covered staircase.
  6517 | Ossuary  | Entered an ossuary
  6871 | Ossuary  | Reached **** piety under Cheibriados
  7129 | Ossuary  | Slain by a mummy

Vault maps used:
D:1:      kennysheep_arrival_forest
D:2:      cheibrodos_helix_gallery, old_standard_altar,
          lemuel_coloured_pillars_altar, cheibriados_altar_1
D:3:      grunt_temple_overflow_growth_and_decay, uniq_robin, uniq_natasha,
          uniq_crazy_yiuf_cottage, uniq_grinder
D:4:      first_ration, makhleb_heckhound_becter
D:5:      kennysheep_little_box, lemuel_old_faithful, uniq_duvessa
D:6:      enter_ossuary_1
Ossuary:  ossuary_boxes_badplayer

Skill      XL: |  1  2  3  4  5  6  7  8  9 |
---------------+----------------------------+-----
Throwing       | 1 |  1.0
Armour         | 1 2 |  2.0
Stealth        | 1 2 3 5 6 8 9 |  9.4
Dodging        | 2 3 |  3.9
Long Blades    | 3 4 5 6 |  6.4
Invocations    | 2 3 5 |  5.0
Evocations     | 2 4 |  4.7
Fighting       | |  2.0
Spellcasting   | |  2.0
Translocations | |  3.0

Action                   |  1- 3 |  4- 6 |  7- 9 || total
-------------------------+-------+-------+-------++-------
Melee: Falchion          |    59 |       |       ||    59
       Dagger            |    48 |   138 |   257 ||   443
       Short sword       |       |       |   136 ||   136
Throw: Tomahawk          |       |       |     2 ||     2
 Cast: Blink             |       |       |     2 ||     2
 Abil: Spit Poison       |    15 |     7 |    12 ||    34
Evoke: Wand              |       |     4 |     8 ||    12
  Use: Potion            |     1 |     1 |     2 ||     4
       Scroll            |       |     5 |     8 ||    13
 Stab: Sleeping          |     2 |     2 |    32 ||    36
       Paralysed         |       |     3 |     1 ||     4
  Eat: Chunk             |     3 |     5 |     6 ||    14
       Ration            |       |       |     1 ||     1
Armor: Leather armour    |    34 |    31 |    84 ||   149
       Skin              |       |       |    13 ||    13
Dodge: Dodged            |    57 |    62 |   182 ||   301
       Rpst.: Falchion   |     8 |       |       ||     8

Table legend:
 A = Non-vault XP
 B = Vault XP
 C = Vault XP percentage of total XP
 D = Non-vault monster count
 E = Vault monster count
 F = Vault count percentage of total count
                 A         B        C        D         E       F
            +---------+---------+-------+---------+---------+-------
      Total |    2209 |    1015 |  31.5 |     109 |      51 |  31.9
            +---------+---------+-------+---------+---------+-------
        D:1 |      41 |       0 |   0.0 |      20 |       0 |   0.0
        D:2 |      39 |       3 |   7.1 |      17 |       2 |  10.5
        D:3 |     186 |     395 |  68.0 |      23 |      11 |  32.4
        D:4 |    1022 |      45 |   4.2 |      21 |       1 |   4.5
        D:5 |     531 |     122 |  18.7 |      22 |       2 |   8.3
        D:6 |     390 |       0 |   0.0 |       6 |       0 |   0.0
    Ossuary |       0 |     450 | 100.0 |       0 |      35 | 100.0
            +---------+---------+-------+---------+---------+-------
